 BcadrenCrawl: Boulder Brew version 0.04.2-15-ge27eb88979 (webtiles) character file.

Game seed: 17805783651190291293, levelgen mode: deterministic

4342 diana the Severer (level 10, -13/94 HPs) Hill Orc Gladiator. Began on May 14, 2021. Mangled by Gastronok (30 damage) ... on level 4 of the Dungeon. The game lasted 00:08:20 (4022 turns).

diana the Severer (Hill Orc Gladiator)              Turns: 4022, Time: 00:08:21

Health: -13/94     AC:  6    Str: 21    XL:     10 ^: 3024
Magic:  11/11      EV: 12    Int:  8    God:
Gold:   177        SH:  0    Dex: 12    Spells: 9/9 levels left

rFire    . . .     Vision   .   s - +0 war axe
rCold    . . .     Gourm    .   (no weapon)
rNeg     . . .     Faith    .   k - +0 troll leather {Purgy}
rPois    .         Spirit   .   c - +0 helmet
rElec    .         Reflect  .   (no cloak)
rCorr    .         Harm     .   u - +0 pair of gloves
MR       .....                  (no boots)
Stlth    +.........             (no amulet)
HPRegen  0.81/turn              (no ring)
MPRegen  0.21/turn              (no ring)

@: slowed, very slow
A: no striking features
a: no special abilities


You were on level 4 of the Dungeon.
You were not hungry.

You visited 2 branches of the dungeon, and saw 5 of its levels.

You collected 177 gold pieces.

Inventory:

Weapons
 a - a +0 war axe
 s - a +0 war axe (weapon)
Armour
 b - a +0 leather armour
 c - a +0 helmet (worn)
 k - a +0 troll leather (worn) {Purgy}
 u - a +0 pair of gloves (worn)
Wands
 d - a wand of ensnaring (9)
 p - a wand of polymorph (1)
 r - a wand of enslavement (10)
Scrolls
 h - 2 scrolls of fear
 i - 3 scrolls of enchantment
 l - 2 scrolls of summoning
 o - a scroll of fog
 t - a scroll of teleportation
Potions
 e - a potion of haste
 g - a potion of cure mutation
 j - a potion of ambrosia
 m - a potion of heal wounds
 n - 3 potions of curing
 q - a potion of resistance
Comestibles
 f - 10 rations


   Skills:
 + Level 10.4 Fighting
 * Level 15.2 Axes & Hammers
 - Level 2.4 Dodging
 - Level 2.0 Evocations


You had 9 spell levels left.
You didn't know any spells.
Your spell library was empty.

Dungeon Overview and Level Annotations

Branches:
Dungeon (4/8)              Temple (1/1) D:4

Altars:
Ashenzari
Beogh
Cheibriados
Fedhas Madash
Gozag Ym Sagoz
Hepliaklqana
Kikubaaqudgha
Makhleb
Qazlal
Ru
Sif Muna
Trog
Vehumet
Wu Jian
Yredelemnul
The Shining One

Shops:
D:4 ?

Annotations:
D:4 Gastronok


Message History

Gastronok is moderately wounded. (95/143) HP The ogre hits you with a +0 giant club (12)!
Gastronok casts a spell at you.
You feel yourself slow down.
Sorry, you're not good enough to have a special ability.
Okay, then.
You slice Gastronok (20)!! You slash the ogre (14)!
You kill the ogre!
You hit Gastronok but do no damage.
Gastronok is heavily wounded. (76/143) HP You slash Gastronok (7)!
You hit Gastronok (3).
Gastronok is heavily wounded. (66/143) HP Gastronok bites you (33)!!
* * * LOW HITPOINT WARNING * * *
You slash Gastronok (16)! You hit Gastronok (1).
Gastronok is severely wounded. (49/143) HP You slice Gastronok (28)!!
You hit Gastronok (1).
Gastronok is almost dead. (20/143) HP Gastronok bites you (30)!!
You die...

.# #..# #..# .# ..# #..# #.#
.# #..# #..# .# .# #..# #.#
.# #..# #..# .# # #..# #.# .#
#..# #..# .# .# #..# #.# .#
#..# #..# .# ..# #..# #.# .#
#..####..# .##...# #..# #.#
.#####........# ......# #..#
#.# ..............###w.....#
#..# #.#
.####...........@).....# #..#
#.# .#
#...........†......###..###.#
.#
#............................
.#
#............................
.#
#.......................###.#
.# #.......................#
#.# .#
#.......................# #.#
.# #.......................#
#.# .# #........... ........#
#.#


You could see Gastronok.

Vanquished Creatures
  Grinder (D:3)
  Menkaure (D:3)
  3 yaks (D:4)
  Eustachio (D:2)
  A wolf spider zombie (D:4)
  Purgy (D:2)
  An orc warrior (D:4)
  2 scorpions (D:4)
  Duvessa (D:2)
  A sky beast (D:4)
  2 black bears (D:4)
  2 ice beasts (D:4)
  3 ogres
  2 crocodiles (D:2)
  A big kobold (D:2)
  2 bullfrogs (D:4)
  Blork the orc (D:2)
  Dowan (D:2)
  3 wights (D:4)
  2 crimson imps
  3 orc priests (D:4)
  12 jellies
  10 orc wizards
  7 worker ants (D:4)
  2 wyvern skeletons (D:4)
  9 giant cockroaches
  2 bullfrog skeletons (D:4)
  2 shadow imps (D:4)
  6 adders
  21 sewer rats (D:2)
  10 cinder newts
  5 worms (D:2)
  6 oozes (D:2)
  2 dart slugs (D:1)
  3 leopard geckos
  22 orcs
  3 adder skeletons
  5 bats
  3 cinder newt skeletons (D:2)
  A gnoll skeleton (D:2)
  A hobgoblin (D:1)
  A quokka (D:3)
  3 ball pythons
  A bat skeleton (D:2)
  A goblin (D:1)
  2 goblin skeletons (D:2)
  6 kobolds (D:2)
  An orc skeleton (D:2)
  8 rats
  2 bushes (D:2)
  13 withered plants (D:2)
205 creatures vanquished.

Vanquished Creatures (others)
  A water moccasin (D:2)
  A sewer rat (D:2)
  2 leopard geckos (D:2)
  A ball python (D:2)
  A bat skeleton (D:2)
  A goblin skeleton (D:2)
  A hobgoblin skeleton (D:2)
  2 bushes (D:2)
  A giant blowfly (D:2)
  A plant (D:2)
  139 withered plants (D:2)
151 creatures vanquished.

Grand Total: 356 creatures vanquished

Notes
Turn   | Place    | Note
-------+----------+-------------------------------------------
     0 | D:1      | diana the Hill Orc Gladiator began the quest for the Orb.
     0 | D:1      | Reached XP level 1. HP: 18/18 MP: 2/2
    27 | D:1      | Reached XP level 2. HP: 25/25 MP: 3/3
    94 | D:1      | Reached skill level 5 in Axes & Hammers
   107 | D:1      | Reached XP level 3. HP: 31/31 MP: 4/4
   755 | D:2      | Reached XP level 4. HP: 35/38 MP: 5/5
   764 | D:2      | Reached skill level 6 in Axes & Hammers
   809 | D:2      | Reached XP level 5. HP: 46/46 MP: 6/6
   878 | D:2      | Reached skill level 7 in Axes & Hammers
   887 | D:2      | Reached XP level 6. HP: 37/53 MP: 7/7
   891 | D:2      | Noticed Eustachio
   919 | D:2      | Reached skill level 8 in Axes & Hammers
   921 | D:2      | Reached skill level 5 in Fighting
   936 | D:2      | Killed Eustachio
   936 | D:2      | Reached XP level 7. HP: 34/61 MP: 8/8
  1069 | D:2      | Noticed Purgy
  1079 | D:2      | Killed Purgy
  1079 | D:2      | Reached skill level 9 in Axes & Hammers
  1196 | D:2      | Noticed Blork the orc
  1205 | D:2      | Killed Blork the orc
  1221 | D:2      | Reached skill level 10 in Axes & Hammers
  1221 | D:2      | Reached XP level 8. HP: 7/71 MP: 9/9
  1299 | D:2      | Noticed Duvessa
  1300 | D:2      | Noticed Dowan
  1306 | D:2      | Killed Duvessa
  1314 | D:2      | Killed Dowan
  1565 | D:2      | Reached skill level 11 in Axes & Hammers
  2020 | D:2      | Found a sacrificial altar of Ru.
  2412 | D:3      | Found a bloodstained altar of Trog.
  2568 | D:3      | Noticed Grinder
  2588 | D:3      | Killed Grinder
  2588 | D:3      | Reached skill level 12 in Axes & Hammers
  2588 | D:3      | Reached XP level 9. HP: 32/81 MP: 10/10
  2596 | D:3      | Noticed Menkaure
  2652 | D:3      | Killed Menkaure
  3061 | D:4      | Reached skill level 13 in Axes & Hammers
  3193 | D:4      | Identified the +6 rapier of Departure {molten, Int+2 +Vis}
  3245 | D:4      | Found a staircase to the Ecumenical Temple.
  3257 | D:4      | Reached skill level 14 in Axes & Hammers
  3262 | D:4      | Reached XP level 10. HP: 40/92 MP: 11/11
  3366 | Temple   | Entered the Ecumenical Temple
  3459 | D:4      | Reached skill level 10 in Fighting
  3666 | D:4      | Reached skill level 15 in Axes & Hammers
  3668 | D:4      | Found Duafaul's Magic Scroll Boutique.
  4012 | D:4      | Noticed Gastronok
  4022 | D:4      | Mangled by Gastronok

Levels and vault maps discovered:
D:1:      lightli_arrival_chessboard, layout_basic, serial_rivers,
          chequers_serial_rivers_marsh, chequers_serial_rivers_large_b,
          chequers_serial_rivers_small_3, chequers_serial_rivers_small_b,
          chequers_serial_rivers_room_b, chequers_serial_rivers_small_a,
          first_ration
D:2:      layout_sewer, kennysheep_mini_moat, serial_forest,
          infiniplex_forest_clump_tiny, infiniplex_forest_straight_5,
          infiniplex_forest_lined_ring, infiniplex_forest_corner_2,
          infiniplex_forest_zigzag_1, minmay_misc_feat_nine_boxes, uniq_duvessa,
          uniq_purgy, uniq_blork_the_orc, uniq_eustachio
D:3:      layout_rooms, basic_altar, billiards_dpeg, uniq_grinder, uniq_menkaure
D:4:      layout_long_grid, temple_fountains, serial_shops, shop, uniq_gastronok
Temple:   zaba_magenta_temple

Skill      XL: |  1  2  3  4  5  6  7  8  9 10 |
---------------+-------------------------------+-----
Fighting       | 3 4 5 6 8 9 10 | 10.4
Axes & Hammers | 5 6 7 8 10 12 14 15 | 15.2
Dodging        | |  2.4
Evocations     | |  2.0

Action                   |  1- 3 |  4- 6 |  7- 9 | 10-12 || total
-------------------------+-------+-------+-------+-------++-------
Melee: War axe           |    21 |    50 |   182 |    57 ||   310
       Unarmed           |     8 |    28 |    81 |    36 ||   153
  Use: Potion            |       |       |     2 |       ||     2
  Eat: Chunk             |       |       |     9 |     2 ||    11
Armor: Leather armour    |     4 |    16 |     5 |       ||    25
       Troll leather     |       |       |    33 |     6 ||    39
Dodge: Dodged            |     9 |    47 |   115 |    19 ||   190
